 Dungeon Crawl Stone Soup version 0.21.1-1-g345015f (webtiles) character file.

25 JeffiDaFish the Skirmisher (level 2, -6/26 HPs)
             Began as a Draconian Chaos Knight on Feb 23, 2018.
             Mangled by a worm (7 damage)
             ... on level 2 of the Dungeon.
             The game lasted 00:03:23 (1127 turns).

JeffiDaFish the Skirmisher (Draconian Chaos Knight) Turns: 1127, Time: 00:03:23

Health: -6/26      AC:  5    Str: 14    XL:     2   Next: 82%
Magic:  2/2        EV: 12    Int: 12    God:    Xom [..*...]
Gold:   85         SH:  3    Dex: 10    Spells: 1/1 levels left

rFire    + . .     SeeInvis .   a - +0 hand axe (chaos)
rCold    x . .     Gourm    .   e - +0 buckler (curse)
rNeg     . . .     Faith    .   (armour unavailable)
rPois    .         Spirit   .   h - +0 hat
rElec    .         Reflect  .   (no cloak)
rCorr    .         Harm     .   (no gloves)
MR       .....                  d - +0 pair of boots
Stlth    ..........             (no amulet)
HPRegen  0.08/turn              f - ring of loudness (curse)
MPRegen  0.08/turn              g - ring of fire

@: no status effects
A: unfitting armour, stinger 1, talons 1, cold-blooded, AC +4
a: Renounce Religion


You were on level 2 of the Dungeon.
You worshipped Xom.
You were a toy of Xom.
You were not hungry.

You visited 1 branch of the dungeon, and saw 2 of its levels.

You collected 85 gold pieces.

Inventory:

Hand Weapons
 a - a +0 hand axe of chaos (weapon)
Armour
 d - a +0 pair of boots (worn)
 e - a cursed +0 buckler (worn)
 h - a +0 hat (worn)
Jewellery
 f - a cursed ring of loudness (left hand)
 g - a ring of fire (right hand)
Scrolls
 c - a scroll of identify
Comestibles
 b - 7 rations


   Skills:
 + Level 3.6 Fighting
 + Level 3.3 Axes
 + Level 2.3 Dodging
 * Level 1.1 Shields


You had one spell level left.
You didn't know any spells.

Dungeon Overview and Level Annotations

Branches:
Dungeon (2/15)

Altars:
Makhleb


Innate Abilities, Weirdness & Mutations

Your plain brown scales are hard. (AC +4)
You cannot fit into any form of body armour.
You are cold-blooded and may be slowed by cold attacks.
Your tail ends in a poisonous barb.
You have sharp toenails.


Message History

You barely miss the worm.
The worm is moderately wounded.
You hit the worm.
The worm is moderately wounded.
The worm bites you!
You are too injured to fight recklessly!
You are too injured to fight recklessly!
You barely miss the worm.
The worm is moderately wounded.
The worm bites you but does no damage.
You hit the worm.
The worm is moderately wounded.
You slash the worm! You burn the worm.
The worm is severely wounded.
The worm bites you!
* * * LOW HITPOINT WARNING * * *
You barely miss the worm.
The worm is severely wounded.
The worm bites you!
You die...

#_.....................####.##
#..#...#...#...#...#...'......
#..............)....^..####.##
####################...# #.#
.######.##....## #.##
+................# #...
.##.######.##.###.# #.##
...........##.###.###.##
......w@................
).......................
###.#.#######.###.###.## # #.
#.# #.# #.## # #.# #.# #.##
#.###.# #.## .
#######.....###.## .
.......รท....'...##
#.#######.....###.##


You could see a worm.

Vanquished Creatures
  3 dart slugs
  A leopard gecko (D:2)
  2 bats
  A goblin (D:1)
  A hobgoblin (D:1)
  3 kobolds
  A quokka (D:2)
  6 rats
18 creatures vanquished.

Notes
Turn   | Place    | Note
-------+----------+-------------------------------------------
     0 | D:1      | JeffiDaFish the Draconian Chaos Knight began the quest for the Orb.
     0 | D:1      | Reached XP level 1. HP: 19/19 MP: 1/1
   194 | D:1      | Reached XP level 2. HP: 21/26 MP: 2/2
   279 | D:1      | XOM: mild Chrm miscast
   443 | D:1      | Gained mutation: You have sharp toenails. [potion of mutation]
   443 | D:1      | Gained mutation: Your tail ends in a poisonous barb. [potion of mutation]
   735 | D:2      | Reached skill level 1 in Shields
   769 | D:2      | XOM: mild Necr miscast
   814 | D:2      | XOM: mild Air miscast
  1099 | D:2      | Found a burning altar of Makhleb.
  1106 | D:2      | XOM: mild Ice miscast
  1126 | D:2      | HP: 1/26 [worm (8)]
  1127 | D:2      | Mangled by a worm

Skill      XL: |  1  2 |
---------------+-------+-----
Shields        | 1 |  1.1
Fighting       | |  3.6
Axes           | |  3.3
Dodging        | |  2.3

Action                   || total
-------------------------++-------
Melee: Hand axe          ||    61
       Tailslap          ||     6
  Use: Scroll            ||     4
       Potion            ||     4
  Eat: Chunk             ||     1
Armor: Skin              ||    21
Dodge: Dodged            ||    17
Block: Buckler           ||     6
